SAAA
ELLENBURG FIGHTING DACHSUNDS @ TREMONT DOUBLEDAYS
09/24/2031
 
TOP OF THE 1ST
Ellenburg Fighting Dachsunds batting - Pitching for Tremont Doubledays : RHP Daniel Lavalley
Pitching: RHP Daniel Lavalley
Batting: LHB Francisco Alfaro 0-0: Ball
1-0: Foul Ball, location: 2F
1-1: DOUBLE (Line Drive, 89D)
Batting: RHB Manny Bendixen 0-0: Ball
1-0: Ball
2-0: Ball
3-0: Called Strike
3-1: Called Strike
3-2: Fly out, F2 (Popup, 2R)
Batting: LHB Vladya Pugiev 0-0: Called Strike
0-1: Ball
1-1: Ball
2-1: Swinging Strike
2-2: Ground out 4-3 (Groundball, 4)
Francisco Alfaro to third
Batting: LHB Shelby Noonan 0-0: Ball
1-0: Ground out 1-3 (Groundball, 13)
Top of the 1st over - 0 runs, 1 hit, 0 errors, 1 left on base; Ellenburg 0 - Tremont 0
BOTTOM OF THE 1ST
Tremont Doubledays batting - Pitching for Ellenburg Fighting Dachsunds : RHP Benjamin Busto
Pitching: RHP Benjamin Busto
Batting: RHB Bryant Skelly 0-0: Ball
1-0: Ball
2-0: Fly out, F7 (Flyball, 7)
Batting: LHB Denis Jerningham 0-0: Foul Ball, location: 2F
0-1: Swinging Strike
0-2: Ball
1-2: Ground out 5-3 (Groundball, 25)
Batting: SHB Ricardo Pérez 0-0: Swinging Strike
0-1: Called Strike
0-2: Ball
1-2: Ball
2-2: Foul Ball, location: 2F
2-2: Ground out 4-3 (Groundball, 4)
Bottom of the 1st over - 0 runs, 0 hits, 0 errors, 0 left on base; Ellenburg 0 - Tremont 0
TOP OF THE 2ND
Ellenburg Fighting Dachsunds batting - Pitching for Tremont Doubledays : RHP Daniel Lavalley
Batting: RHB Alan McLennan 0-0: Fly out, F9 (Flyball, 89S)
Batting: LHB Locke Lamora 0-0: Called Strike
0-1: Ground out 4-3 (Groundball, 4M)
Batting: RHB Sameen Shaw 0-0: SINGLE (Groundball, 34D)
Batting: RHB Daniel Riley 0-0: Called Strike
0-1: Called Strike
0-2: Ball
Sameen Shaw steals 2nd base
1-2: Foul Ball, location: 2F
1-2: Ball
2-2: TRIPLE (Flyball, 8RXD)
Sameen Shaw scores
Batting: RHB Ryan French 0-0: Foul Ball, location: 2F
0-1: Ball
1-1: 2-RUN HOME RUN (Flyball, 9LD), Distance : 377 ft
Batting: LHB Francisco Alfaro 0-0: Ground out 6-3 (Groundball, 6)
Top of the 2nd over - 3 runs, 3 hits, 0 errors, 0 left on base; Ellenburg 3 - Tremont 0
BOTTOM OF THE 2ND
Tremont Doubledays batting - Pitching for Ellenburg Fighting Dachsunds : RHP Benjamin Busto
Batting: RHB Otis Brewer 0-0: Ball
1-0: Called Strike
1-1: Foul Ball, location: 2F
1-2: Ball
2-2: SINGLE (Line Drive, 6M)
Batting: RHB Menno van de Vlugt 0-0: Called Strike
0-1: Foul Ball, location: 2F
0-2: Strikes out swinging
Batting: RHB Sang Hong-Do 0-0: Swinging Strike
0-1: Called Strike
0-2: SINGLE (Groundball, 3) (infield hit)
Otis Brewer to second
Batting: RHB Andrés Gonzáles 0-0: Ball
1-0: Called Strike
1-1: Foul Ball, location: 2F
1-2: Ball
2-2: Foul Ball, location: 2F
2-2: Ball
3-2: SINGLE (Groundball, 5) (infield hit)
Otis Brewer to third
Sang Hong-Do to second
Batting: RHB Pablo Ledesma 0-0: Foul Ball, location: 2F
0-1: Ball
1-1: Ball
2-1: Called Strike
2-2: Foul Ball, location: 2F
2-2: Ball
3-2: Ground out 4-3 (Groundball, 4MS)
Otis Brewer scores
Sang Hong-Do to third
Andrés Gonzáles to second
Batting: RHB Geoffrey Broekhuizen 0-0: SINGLE (Flyball, 8LS)
Sang Hong-Do scores
Andrés Gonzáles to third
Runner from 3rd tries for Home, SAFE, no throw
Batting: RHB Bryant Skelly 0-0: Ball
1-0: Swinging Strike
1-1: Called Strike
1-2: Ball
2-2: Strikes out swinging
Bottom of the 2nd over - 3 runs, 4 hits, 0 errors, 1 left on base; Ellenburg 3 - Tremont 3
TOP OF THE 3RD
Ellenburg Fighting Dachsunds batting - Pitching for Tremont Doubledays : RHP Daniel Lavalley
Batting: RHB Manny Bendixen 0-0: Ball
1-0: Ground out 6-3 (Groundball, 6)
Batting: LHB Vladya Pugiev 0-0: Foul Ball, location: 2F
0-1: Ball
1-1: Foul Ball, location: 2F
1-2: Ball
2-2: Ball
3-2: Strikes out looking
Batting: LHB Shelby Noonan 0-0: Ball
1-0: DOUBLE (Flyball, 8RXD) - OUT at third base trying to stretch hit.
Top of the 3rd over - 0 runs, 1 hit, 0 errors, 0 left on base; Ellenburg 3 - Tremont 3
BOTTOM OF THE 3RD
Tremont Doubledays batting - Pitching for Ellenburg Fighting Dachsunds : RHP Benjamin Busto
Batting: LHB Denis Jerningham 0-0: Called Strike
0-1: Ball
1-1: Ball
2-1: Ball
3-1: Base on Balls
Batting: SHB Ricardo Pérez 0-0: Ball
1-0: Ball
2-0: Called Strike
2-1: Fielders Choice at 2nd, 6-4 (Groundball, 6M)
Batting: RHB Otis Brewer 0-0: Swinging Strike
0-1: Ball
1-1: Called Strike
1-2: Fly out, F4 (Line Drive, 4)
Batting: RHB Menno van de Vlugt 0-0: Swinging Strike
0-1: Fly out, F6 (Popup, 6M)
Bottom of the 3rd over - 0 runs, 0 hits, 0 errors, 1 left on base; Ellenburg 3 - Tremont 3
TOP OF THE 4TH
Ellenburg Fighting Dachsunds batting - Pitching for Tremont Doubledays : RHP Daniel Lavalley
Batting: RHB Alan McLennan 0-0: Ball
1-0: Ball
2-0: Ball
3-0: Base on Balls
Batting: LHB Locke Lamora 0-0: Ball
1-0: Called Strike
1-1: Ball
2-1: Ball
3-1: Foul Ball, location: 2F
3-2: Strikes out swinging
Batting: RHB Sameen Shaw 0-0: Swinging Strike
Pickoff Throw to First - Out!
0-1: Called Strike
0-2: Ball
1-2: Ball
2-2: Ball
3-2: Fly out, F8 (Flyball, 8RD)
Top of the 4th over - 0 runs, 0 hits, 0 errors, 0 left on base; Ellenburg 3 - Tremont 3
BOTTOM OF THE 4TH
Tremont Doubledays batting - Pitching for Ellenburg Fighting Dachsunds : RHP Benjamin Busto
Batting: RHB Sang Hong-Do 0-0: Foul Ball, location: 2F
0-1: Ball
1-1: Foul Ball, location: 2F
1-2: Strikes out swinging
Batting: RHB Andrés Gonzáles 0-0: Swinging Strike
0-1: Ball
1-1: Swinging Strike
1-2: SOLO HOME RUN (Flyball, 7D), Distance : 401 ft
Batting: RHB Pablo Ledesma 0-0: Ball
1-0: Ball
2-0: Ball
3-0: Base on Balls
Batting: RHB Geoffrey Broekhuizen 0-0: Ball
1-0: Swinging Strike
1-1: Fly out, F9 (Flyball, 9LS)
Batting: RHB Bryant Skelly 0-0: Called Strike
0-1: Ball
1-1: Ball
2-1: Foul Ball, location: 2F
2-2: Strikes out looking
Bottom of the 4th over - 1 run, 1 hit, 0 errors, 1 left on base; Ellenburg 3 - Tremont 4
TOP OF THE 5TH
Ellenburg Fighting Dachsunds batting - Pitching for Tremont Doubledays : RHP Daniel Lavalley
Batting: RHB Daniel Riley 0-0: Called Strike
0-1: Ball
1-1: Fly out, F8 (Flyball, 8LXD)
Batting: RHB Ryan French 0-0: Called Strike
0-1: Called Strike
0-2: Fly out, F9 (Flyball, 9LM)
Batting: LHB Francisco Alfaro 0-0: Swinging Strike
0-1: Ball
1-1: Ball
2-1: Ball
3-1: Swinging Strike
3-2: Base on Balls
Batting: RHB Manny Bendixen 0-0: Foul Ball, location: 2F
0-1: Ball
1-1: Foul Ball, location: 2F
1-2: Ball
2-2: Foul Ball, location: 2F
2-2: Foul Ball, location: 2F
2-2: Ball
3-2: SINGLE (Groundball, 34S) (infield hit)
Francisco Alfaro to second
Batting: LHB Vladya Pugiev 0-0: Ball
1-0: Foul Ball, location: 2F
1-1: Ball
2-1: Foul Ball, location: 2F
2-2: DOUBLE (Line Drive, 89XD)
Francisco Alfaro scores
Manny Bendixen to third
Runner from 3rd tries for Home, SAFE, throw made at trailing runner, OUT at third!
Top of the 5th over - 2 runs, 2 hits, 0 errors, 0 left on base; Ellenburg 5 - Tremont 4
BOTTOM OF THE 5TH
Tremont Doubledays batting - Pitching for Ellenburg Fighting Dachsunds : RHP Benjamin Busto
Batting: LHB Denis Jerningham 0-0: Called Strike
0-1: Swinging Strike
0-2: DOUBLE (Groundball, 3L)
Batting: SHB Ricardo Pérez 0-0: Ball
1-0: Ball
2-0: Called Strike
2-1: Ball
3-1: SINGLE (Groundball, 4MD)
Denis Jerningham to third
Batting: RHB Otis Brewer 0-0: Foul Ball, location: 2F
0-1: Fly out, F8 (Flyball, 78D)
Runner from 3rd tags up, SCORES, throw made
Batting: RHB Menno van de Vlugt 0-0: Ball
1-0: Grounds into double play, 4-6-3 (Groundball, 4M)
Bottom of the 5th over - 1 run, 2 hits, 0 errors, 0 left on base; Ellenburg 5 - Tremont 5
TOP OF THE 6TH
Ellenburg Fighting Dachsunds batting - Pitching for Tremont Doubledays : RHP Daniel Lavalley
Batting: LHB Shelby Noonan 0-0: Ball
1-0: Called Strike
1-1: Swinging Strike
1-2: Strikes out swinging
Batting: RHB Alan McLennan 0-0: Fly out, F2 (Popup, 5SF)
Batting: LHB Locke Lamora 0-0: Ball
1-0: Ball
2-0: Swinging Strike
2-1: Ball
3-1: Ground out U3 (Groundball, 3L)
Top of the 6th over - 0 runs, 0 hits, 0 errors, 0 left on base; Ellenburg 5 - Tremont 5
BOTTOM OF THE 6TH
Tremont Doubledays batting - Pitching for Ellenburg Fighting Dachsunds : RHP Benjamin Busto
Batting: RHB Sang Hong-Do 0-0: Called Strike
0-1: Ball
1-1: DOUBLE (Line Drive, 7D)
Batting: RHB Andrés Gonzáles 0-0: Ball
1-0: Ball
2-0: Ball
3-0: Foul Ball, location: 2F
3-1: Base on Balls
Pitching: RHP Addick Lubbers
Batting: RHB Pablo Ledesma 0-0: Called Strike
0-1: Swinging Strike
0-2: Ball
1-2: Ball
Wild Pitch!
Sang Hong-Do to third
Andrés Gonzáles to second
2-2: Strikes out swinging
Batting: RHB Geoffrey Broekhuizen 0-0: Ball
1-0: SINGLE (Groundball, 34D)
Sang Hong-Do scores
Andrés Gonzáles to third
Runner from 3rd tries for Home, SAFE, no throw
Batting: RHB Bryant Skelly 0-0: Ball
1-0: Fly out, F8 (Flyball, 8LM)
Batting: LHB Denis Jerningham 0-0: Swinging Strike
0-1: Ball
1-1: Fly out, F9 (Flyball, 89M)
Bottom of the 6th over - 2 runs, 2 hits, 0 errors, 1 left on base; Ellenburg 5 - Tremont 7
TOP OF THE 7TH
Ellenburg Fighting Dachsunds batting - Pitching for Tremont Doubledays : RHP Daniel Lavalley
Batting: RHB Sameen Shaw 0-0: Ball
1-0: Called Strike
1-1: Called Strike
1-2: Ball
2-2: Ball
3-2: SINGLE (Line Drive, 89S)
Batting: RHB Daniel Riley 0-0: Ball
1-0: Foul Ball, location: 2F
1-1: Ball
2-1: Called Strike
2-2: Ball
3-2: Base on Balls
Sameen Shaw to second
Pitching: LHP Mathieu Neri
Batting: RHB Ryan French 0-0: Called Strike
0-1: Ball
1-1: Called Strike
1-2: Foul Ball, location: 2F
1-2: Ball
2-2: Fly out, F3 (Line Drive, 3)
Batting: LHB Francisco Alfaro 0-0: Ball
1-0: Ball
2-0: Called Strike
2-1: Foul Ball, location: 2F
2-2: Ball
3-2: Base on Balls
Sameen Shaw to third
Daniel Riley to second
Batting: RHB Manny Bendixen 0-0: Called Strike
0-1: Called Strike
0-2: Ball
1-2: Foul Ball, location: 2F
1-2: Ball
2-2: Fly out, F1 (Line Drive, 13S)
Pinch Hitting: RHB José Vázquez 0-0: Ball
1-0: Ball
2-0: Ball
3-0: Called Strike
3-1: Base on Balls
Sameen Shaw scores
Daniel Riley to third
Francisco Alfaro to second
Batting: LHB Shelby Noonan 0-0: Foul Ball, location: 2F
0-1: Foul Ball, location: 2F
0-2: Ball
1-2: Ball
2-2: Fielders Choice at 2nd, 6-4 (Groundball, 56)
Top of the 7th over - 1 run, 1 hit, 0 errors, 3 left on base; Ellenburg 6 - Tremont 7
BOTTOM OF THE 7TH
Tremont Doubledays batting - Pitching for Ellenburg Fighting Dachsunds : RHP Addick Lubbers
Now in RF: Mike Elzey
Batting: SHB Ricardo Pérez 0-0: Ball
1-0: Called Strike
1-1: Ball
2-1: Fly out, F8 (Flyball, 8LD)
Batting: RHB Otis Brewer 0-0: Foul Ball, location: 2F
0-1: Swinging Strike
0-2: Ball
1-2: Ball
2-2: Fly out, F7 (Flyball, 7LMF)
Batting: RHB Menno van de Vlugt 0-0: SINGLE (Groundball, 4MD)
Batting: RHB Sang Hong-Do 0-0: Ball
1-0: Fielders Choice at 2nd, 6-4 (Groundball, 6)
Bottom of the 7th over - 0 runs, 1 hit, 0 errors, 1 left on base; Ellenburg 6 - Tremont 7
TOP OF THE 8TH
Ellenburg Fighting Dachsunds batting - Pitching for Tremont Doubledays : LHP Mathieu Neri
Pitching: RHP Travis Carson
Now in LF: Steve Jones
Batting: RHB Alan McLennan 0-0: Ball
1-0: Ball
2-0: Foul Ball, location: 2F
2-1: Foul Ball, location: 2F
2-2: Ground out 4-3 (Groundball, 34)
Batting: LHB Locke Lamora 0-0: Ball
1-0: Ball
2-0: Fly out, F3 (Popup, 34)
Batting: RHB Sameen Shaw 0-0: Foul Ball, location: 2F
0-1: SINGLE (Groundball, 6MD)
Pinch Hitting: SHB Norm Singletary 0-0: Ball
1-0: Foul Ball, location: 2F
1-1: Foul Ball, location: 2F
1-2: Ball
2-2: Foul Ball, location: 2F
2-2: Foul Ball, location: 2F
2-2: Ball
3-2: Foul Ball, location: 2F
3-2: Ground out 4-3 (Groundball, 34D)
Top of the 8th over - 0 runs, 1 hit, 0 errors, 1 left on base; Ellenburg 6 - Tremont 7
BOTTOM OF THE 8TH
Tremont Doubledays batting - Pitching for Ellenburg Fighting Dachsunds : RHP Addick Lubbers
Now at 3B: Manuel Rosales
Batting: RHB Andrés Gonzáles 0-0: Fly out, F9 (Flyball, 9S)
Batting: RHB Pablo Ledesma 0-0: Ball
1-0: Ball
2-0: Foul Ball, location: 2F
2-1: Ball
3-1: SOLO HOME RUN (Flyball, 78XD), Distance : 433 ft
Batting: RHB Geoffrey Broekhuizen 0-0: Ball
1-0: Ball
2-0: Foul Ball, location: 2F
2-1: Ground out 1-3 (Groundball, P)
Batting: RHB Bryant Skelly 0-0: Swinging Strike
0-1: Foul Ball, location: 2F
0-2: Ball
1-2: Strikes out swinging
Bottom of the 8th over - 1 run, 1 hit, 0 errors, 0 left on base; Ellenburg 6 - Tremont 8
TOP OF THE 9TH
Ellenburg Fighting Dachsunds batting - Pitching for Tremont Doubledays : RHP Travis Carson
Batting: RHB Ryan French 0-0: Ball
1-0: Foul Ball, location: 2F
1-1: Fly out, F7 (Flyball, 7)
Batting: LHB Francisco Alfaro 0-0: Ball
1-0: Ball
2-0: Ball
3-0: Called Strike
3-1: Base on Balls
Batting: RHB Manny Bendixen 0-0: Ball
1-0: Swinging Strike
1-1: Ball
2-1: Called Strike
2-2: Foul Ball, location: 2F
2-2: Ball
3-2: Foul Ball, location: 2F
3-2: Strikes out swinging
Batting: RHB Mike Elzey 0-0: Ball
1-0: Ball
2-0: Fly out, F3 (Popup, 3F)
Top of the 9th over - 0 runs, 0 hits, 0 errors, 1 left on base; Ellenburg 6 - Tremont 8
Tuesday, June 12th, 2018 - OOTP Baseball 18.8 Build 76